 Dungeon Crawl Stone Soup version 0.20.1-1-g8b1a95d (webtiles) character file.

54 HuneSparrow the Skirmisher (level 3, -1/29 HPs)
             Began as a Demonspawn Fighter on July 22, 2017.
             Slain by Sigmund
             ... wielding a +0 scythe
              (12 damage)
             ... on level 1 of the Dungeon.
             The game lasted 00:02:33 (763 turns).

HuneSparrow the Skirmisher (Demonspawn Fighter)      Turns: 763, Time: 00:02:34

Health: -1/29      AC:  8    Str: 25    XL:     3   Next: 66%
Magic:  3/3        EV:  7    Int:  9    God:
Gold:   105        SH:  0    Dex: 12    Spells: 2/2 levels left

rFire    . . .     SeeInvis .   a - +0 long sword
rCold    . . .     Gourm    .   c - +0 shield
rNeg     . . .     Faith    .   b - +0 scale mail
rPois    .         Spirit   .   (no helmet)
rElec    .         Reflect  .   (no cloak)
rCorr    .         Harm     .   (no gloves)
MR       .....                  (no boots)
Stlth    ..........             (no amulet)
Regen    0.1/turn               g - +2 ring of protection
MPRegen  0.1/turn               m - +3 ring of strength

@: confused, mighty
A: talons 1, powered by death 1
a: no special abilities


You were on level 1 of the Dungeon.
You were not hungry.

You visited 1 branch of the dungeon, and saw 2 of its levels.

You collected 105 gold pieces.

Inventory:

Hand Weapons
 a - a +0 long sword (weapon)
Armour
 b - a +0 scale mail (worn)
 c - a +0 shield (worn)
Jewellery
 g - a +2 ring of protection (left hand)
 m - a +3 ring of strength (right hand)
Scrolls
 e - a scroll of remove curse {unknown}
 h - a scroll of identify {unknown}
 j - a scroll of blinking {unknown}
Potions
 d - 2 potions of might
 l - a potion of mutation {unknown}
Comestibles
 f - 2 bread rations
 i - 3 chunks of flesh
 k - a royal jelly


   Skills:
 + Level 3.3 Fighting
 * Level 2.5 Long Blades
 + Level 3.0 Armour
 + Level 3.1 Shields


You had 2 spell levels left.
You didn't know any spells.

Dungeon Overview and Level Annotations

Branches:
Dungeon (2/15)

Altars:
Ru

Annotations:
D:1 Sigmund


Innate Abilities, Weirdness & Mutations

You have sharp toenails.
You regenerate a little health from kills.


Message History

You closely miss Sigmund. Your kick misses Sigmund.
Sigmund is severely wounded.
Sigmund gestures at you while chanting.
You are confused.
You hit Sigmund. You claw Sigmund.
Sigmund is almost dead.
Sigmund hits you with a scythe! Sigmund gestures at you while chanting.
You are more confused.
You hit Sigmund. Your kick misses Sigmund.
Sigmund is almost dead.
Sigmund gestures at you while chanting.
You are more confused.
Sigmund barely misses you. Sigmund hits you but does no damage.
There is a stone staircase leading down here.
Sigmund barely misses you. Sigmund hits you but does no damage.
Sigmund hits you from afar with a scythe!
You die...

..# ##...#
#######.#.........# ..#
###.###........##########
### #............# ######
###..........# #....#
#..........# #....#
#..........# #....#
#..........###....#
#.................#
#####.....@....##....#
#######.......@....#.##....#
........##.....>.....##....#
#####.>.......)......##....#
# #.####...........##....#
#.# #...........#######
#####.# #>..........#
#.....# ##........#.##
.....## ##......##..##


You could see Sigmund.

Vanquished Creatures
  An orc wizard (D:1)
  An adder (D:1)
  A leopard gecko (D:1)
  4 goblins
  A hobgoblin (D:2)
  2 bats
  5 frilled lizards
  6 kobolds
  2 rats
23 creatures vanquished.

Notes
Turn   | Place    | Note
-------+----------+-------------------------------------------
     0 | D:1      | HuneSparrow the Demonspawn Fighter began the quest for the Orb.
     0 | D:1      | Reached XP level 1. HP: 18/18 MP: 1/1
   197 | D:1      | Gained mutation: You regenerate a little health from kills. [demonic ancestry]
   197 | D:1      | Reached XP level 2. HP: 20/24 MP: 2/2
   617 | D:2      | Found a sacrificial altar of Ru.
   619 | D:2      | Noticed Sigmund
   676 | D:1      | Gained mutation: You have sharp toenails. [demonic ancestry]
   676 | D:1      | Reached XP level 3. HP: 23/29 MP: 3/3
   763 | D:1      | Slain by Sigmund

Skill      XL: |  1  2  3 |
---------------+----------+-----
Long Blades    | 2 |  2.5
Shields        | 3 |  3.1
Armour         | 3 |  3.0
Fighting       | |  3.3

Action                   || total
-------------------------++-------
Melee: Long sword        ||    86
       Kick              ||     2
  Use: Potion            ||     1
Armor: Scale mail        ||    54
Dodge: Dodged            ||    42
Block: Shield            ||    61
       Rpst.: Long sword ||    12
